 Dungeon Crawl Stone Soup version 0.30-a0-743-gbfdf073431 (webtiles) character file.

Game seed: 1815150530127915257

3063 Laraso the Basher (level 9, -5/108 HPs)
             Began as an Armataur Berserker on Feb 5, 2023.
             Was an Elder of Trog.
             Slain by a gnoll
             ... wielding a +0 spear
              (8 damage)
             ... in a bailey.
             The game lasted 00:09:33 (6750 turns).

Laraso the Basher (Armataur Berserker)              Turns: 6750, Time: 00:09:34

Health: -5/108     AC: 13    Str: 28    XL:     9   Next: 57%
Magic:  0/9        EV:  7    Int:  8    God:    Trog [****..]
Gold:   166        SH:  0    Dex: 14    Spells: 8/8 levels left

rFire   . . .      SeeInvis .    a - +3 flail
rCold   . . .      Faith    .    (no shield)
rNeg    . . .      Spirit   +    C - +2 chain mail {Will+}
rPois   .          Reflect  .    (no helmet)
rElec   .          Harm     .    e - scarf {repulsion}
rCorr   .          Roll     +    (no gloves)
Will    +....                    (no barding) Stlth
                                 z - amulet of guardian spirit
HPRegen 0.38/turn                b - +6 ring of strength
MPRegen 0.11/turn                l - +4 ring of protection

@: berserking, weakened, repel missiles, very quick
A: large, rugged brown scales 3, deformed body, armoured tail, roll, long
tongue, awkward tongue
a: Renounce Religion, Berserk, Trog's Hand, Brothers in Arms


You were in a bailey.
You worshipped Trog.
Trog was greatly pleased with you.
You visited 1 branch of the dungeon, and saw 7 of its levels.
You also visited: Sewer and Bailey.

You collected 409 gold pieces.
You spent 243 gold pieces at shops.

Inventory:

Hand Weapons
 a - a +3 flail (weapon)
 x - a +0 morningstar
 y - a +0 dire flail
Missiles
 G - 2 throwing nets (quivered)
Armour
 e - a scarf of repulsion (worn)
 C - a +2 chain mail of willpower (worn)
Jewellery
 b - a +6 ring of strength (left hand)
 c - a ring of see invisible
 l - a +4 ring of protection (right hand)
 z - an amulet of guardian spirit (around neck)
Wands
 w - a wand of mindburst (21)
 D - a wand of iceblast (7)
Scrolls
 h - 2 scrolls of enchant armour {unknown}
 i - 2 scrolls of poison
 j - a scroll of amnesia {unknown}
 n - a scroll of fear {unknown}
 o - 5 scrolls of teleportation
 r - 2 scrolls of torment {unknown}
 u - 2 scrolls of enchant weapon {unknown}
 v - a scroll of blinking {unknown}
 A - 2 scrolls of vulnerability {unknown}
 B - a scroll of immolation {unknown}
Potions
 d - 2 potions of lignification
 f - 3 potions of mutation
 g - 7 potions of curing
 k - 2 potions of cancellation {unknown}
 m - 3 potions of haste {unknown}
 p - 3 potions of heal wounds
 q - a potion of flight {unknown}
 s - a potion of ambrosia {unknown}
 t - a potion of berserk rage {unknown}
 E - 3 potions of brilliance {unknown}
 F - a potion of magic {unknown}


   Skills:
 - Level 2.6 Fighting
 * Level 12.5 Maces & Flails
 - Level 2.4 Armour
 - Level 1.3 Dodging


You had 8 spell levels left.
You didn't know any spells.
Your spell library was empty.

Dungeon Overview and Level Annotations

Branches:
Dungeon (7/15)             Temple (0/1) D:5           Sewer (visited)
 Bailey (1/1)

Altars:
Cheibriados
Fedhas
Nemelex Xobeh
Okawaru

Shops:
D:5 *


Innate Abilities, Weirdness & Mutations

You are completely covered in rugged brown scales. (AC +3, +7% HP)
Armour fits poorly on your strangely shaped body.
You have a long armoured tail.
You roll when moving toward enemies. (Rampage)
Your long tongue fully drains potion bottles. (2x potion effects)
Your tongue gives you trouble enunciating. (1.5x scroll delay)


Message History

You hit the gnoll sergeant. You tail-slap the gnoll sergeant.
You kill the gnoll sergeant!
Trog accepts your kill. The wolf bites you but does no damage.
The gnoll hits you from afar with a +0 spear.
* * * LOW HITPOINT WARNING * * *
The wolf barely misses you.
You miss the wolf. You tail-slap the wolf.
The wolf is moderately wounded.
The wolf bites you but does no damage. The gnoll sergeant barely misses you.
The gnoll bouda barks out a call to the hunt!
The gnolls pick up the pace!
You hit the wolf.
The wolf is heavily wounded.
The wolf bites you but does no damage. x2
The gnoll hits you but does no damage. The wolf bites you!
* * * LOW HITPOINT WARNING * * *
You barely miss the wolf.
The wolf is heavily wounded.
The wolf closely misses you.
The gnoll bouda gazes fiercely through you!
You feel your attacks grow feeble.
The gnoll bouda hits you but does no damage.
The gnoll sergeant hits you but does no damage.
The gnoll hits you but does no damage. The wolf closely misses you.
You hit the wolf but do no damage.
The wolf is heavily wounded.
The wolf bites you.
* * * LOW HITPOINT WARNING * * *
The gnoll sergeant hits you from afar with a +0 halberd!
* * * LOW HITPOINT WARNING * * *
The gnoll bouda gazes fiercely through you!
You feel as though you will be weak longer.
The gnoll bouda hits you from afar with a +0 spear.
* * * LOW HITPOINT WARNING * * *
You miss the wolf.
The wolf is heavily wounded.
The wolf barely misses you. x2
The gnoll hits you from afar with a +0 spear!
You die...

##.....##
#.......#...#
#...8...#...#
#.......#...#
##.....##...#
##...##....#
##)##ggg.8#
#.).#h....#
+.).)@)..#
#...#h..##
#...#####
......
.........
≈≈≈≈≈≈≈≈≈≈≈
♣♣♣♣♣♣♣♣♣♣♣♣


You could see a gnoll sergeant (swift), 2 wolves, a gnoll bouda and a gnoll
(swift).

Vanquished Creatures
  2 ice beasts
  A black bear (D:5)
  2 orc warriors (D:6)
  A sky beast (D:7)
  A wolf (Bailey)
  3 ogres (D:6)
  3 centaurs
  6 kobold brigands (Sewer)
  2 necrophages
  3 gnoll sergeants (Bailey)
  2 scorpions (D:4)
  7 hounds
  2 gnoll boudas (Bailey)
  5 orc priests
  5 jellies
  Natasha (thrice) (D:2)
  An iguana (D:6)
  4 orc wizards
  12 gnolls
  6 adders
  A shadow imp (D:5)
  2 white imps (D:6)
  An ufetubus (D:5)
  5 worms
  2 dart slugs
  15 orcs
  7 bats
  10 endoplasms
  5 giant cockroaches
  11 goblins
  6 hobgoblins (D:2)
  7 jackals (D:1)
  8 kobolds
  5 quokkas
  9 ball pythons
  4 frilled lizards
  10 rats
179 creatures vanquished.

Notes
Turn   | Place    | Note
-------+----------+-------------------------------------------
     0 | D:1      | Laraso the Armataur Berserker began the quest for the Orb.
     0 | D:1      | Reached XP level 1. HP: 19/19 MP: 1/1
    64 | D:1      | Reached skill level 3 in Maces & Flails
   113 | D:1      | Reached XP level 2. HP: 18/26 MP: 2/2
   283 | D:1      | Reached XP level 3. HP: 18/32 MP: 3/3
   342 | D:1      | Reached ** piety under Trog
   402 | D:1      | Reached skill level 4 in Maces & Flails
   984 | D:2      | Reached XP level 4. HP: 30/39 MP: 4/4
  1145 | D:2      | Noticed Natasha
  1154 | D:2      | Killed Natasha
  1321 | D:2      | Noticed Natasha
  1330 | D:2      | Killed Natasha
  1331 | D:2      | Reached skill level 5 in Maces & Flails
  1494 | D:2      | Reached *** piety under Trog
  1579 | D:2      | Noticed Natasha
  1590 | D:2      | Killed Natasha
  1591 | D:2      | Reached XP level 5. HP: 22/44 MP: 5/5
  1940 | D:3      | Found a sparkling altar of Nemelex Xobeh.
  2470 | D:4      | Reached skill level 6 in Maces & Flails
  2661 | D:4      | Reached XP level 6. HP: 53/53 MP: 6/6
  3144 | D:4      | Reached skill level 7 in Maces & Flails
  3363 | D:5      | Entered Level 5 of the Dungeon
  3463 | D:5      | Reached XP level 7. HP: 59/59 MP: 7/7
  3722 | D:5      | Reached skill level 8 in Maces & Flails
  3820 | D:5      | Found a snail-covered altar of Cheibriados.
  3877 | D:5      | Found Muuthoce's Assorted Antiques.
  3925 | D:5      | Found an iron altar of Okawaru.
  4076 | D:5      | Bought a scroll of identify for 54 gold pieces
  4076 | D:5      | Bought a dented filigree amulet for 135 gold pieces
  4076 | D:5      | Bought a scroll labelled ZIMODIESU IMUEGG for 27 gold
                  | pieces
  4076 | D:5      | Bought a scroll labelled NOTHIT WEUT for 27 gold pieces
  4187 | D:5      | Found a staircase to the Ecumenical Temple.
  4494 | D:6      | Found a glowing drain.
  4522 | D:6      | Reached skill level 9 in Maces & Flails
  4522 | D:6      | Reached XP level 8. HP: 38/66 MP: 4/8
  4645 | D:6      | Reached **** piety under Trog
  4706 | Sewer    | Entered a sewer
  4910 | Sewer    | Reached skill level 10 in Maces & Flails
  5535 | D:6      | Reached skill level 11 in Maces & Flails
  5574 | D:6      | Reached XP level 9. HP: 72/72 MP: 9/9
  5881 | D:6      | Found a blossoming altar of Fedhas.
  6367 | D:7      | Found a flagged portal.
  6401 | Bailey   | Entered a bailey
  6409 | Bailey   | Reached skill level 12 in Maces & Flails
  6749 | Bailey   | HP: 3/108 [gnoll bouda/+0 spear (5)]
  6750 | Bailey   | Slain by a gnoll

Illustrated notes

Levels and vault maps discovered:
D:1:      tekkud_arrival_beachfront_property, layout_rooms
D:2:      layout_basic, minmay_tall_x, uniq_natasha
D:3:      layout_rooms, lemuel_crystal_altar, st_stairs_13
D:4:      layout_loops_ring, nicolae_figureground_sparkle
D:5:      nicolae_cairo_tiling_large, layout_basic,
          mainiacjoe_overflow_surrounded_room, chei_slow_surprise, serial_shops,
          nicolae_inconvenience_store, serial_bayou_lake_a
D:6:      layout_basic, fedhas_ov_isle_minmay, cheibrodos_sewer_entry_drain
D:7:      layout_basic, enter_bailey_2, kennysheep_cross_bottleneck,
          uniq_prince_ribbit1, uniq_duvessa, uniq_maggie
Bailey:   bailey_polearm_gnolls_kennysheep, bailey

Skill      XL: |  1  2  3  4  5  6  7  8  9 |
---------------+----------------------------+-----
Maces & Flails | 3 4 5 6 7 9 11 12 | 12.5
Fighting       | |  2.6
Armour         | |  2.4
Dodging        | |  1.3

Action                     |  1- 3 |  4- 6 |  7- 9 || total
---------------------------+-------+-------+-------++-------
  Melee: Mace              |   128 |   128 |    28 ||   284
         Tailslap          |     8 |    12 |    44 ||    64
         Flail             |       |       |   274 ||   274
         Punch             |       |       |     5 ||     5
 Invoke: Berserk           |       |     3 |     2 ||     5
    Use: Scroll            |       |     4 |     1 ||     5
 Armour: Scale mail        |    61 |    46 |    51 ||   158
         Animal skin       |     1 |       |       ||     1
         Chain mail        |       |       |   125 ||   125
  Dodge: Dodged            |    61 |    42 |   117 ||   220

Table legend: (Time is in decaauts)
 A = Elapsed time spent in this place.
 B = Non-inter-level travel time spent in this place.
 C = Inter-level travel time spent in this place.
 D = Time resting spent in this place.
 E = Time spent auto-exploring this place.
 F = Levels seen in this place.
 G = Mean time per level.
                   A        B        C        D        E       F      G
               +--------+--------+--------+--------+--------+-----+--------+
         Total |   6814 |   6605 |    209 |   1006 |   4306 |   9 |  757.1 |
       Dungeon |   5733 |   5524 |    209 |    812 |   3733 |   7 |  819.0 |
         Sewer |    755 |    755 |      0 |      0 |    555 |   1 |  755.0 |
        Bailey |    325 |    325 |      0 |    194 |     18 |   1 |  325.0 |
               +--------+--------+--------+--------+--------+-----+--------+

Top non-repeatable levels by time:
     D:2: 1359 daAuts
     D:5: 1200 daAuts
     D:4: 941 daAuts
     D:6: 802 daAuts
   Sewer: 755 daAuts
     D:1: 663 daAuts
     D:3: 501 daAuts
  Bailey: 325 daAuts
     D:7: 265 daAuts
